 Dungeon Crawl Stone Soup version 0.29-a0-362-g5854e031c7 (webtiles) character file.

Game seed: 3641798943979103603

244 HendSelp the Cudgeller (level 6, -11/66 HPs)
             Began as an Ogre Berserker on Apr 29, 2022.
             Was a Follower of Trog.
             Mangled by a wight
             ... wielding a +4 scimitar
              (14 damage)
             ... on level 4 of the Dungeon.
             The game lasted 00:03:47 (3689 turns).

HendSelp the Cudgeller (Ogre Berserker)             Turns: 3689, Time: 00:03:47

Health: -11/66     AC:  4    Str: 24    XL:     6   Next: 10%
Magic:  0/6        EV: 10    Int:  8    God:    Trog [*.....]
Gold:   155        SH:  0    Dex:  8    Spells: 5/5 levels left

rFire   . . .      SeeInvis .   k - +0 flail
rCold   + . .      Faith    .   (no shield)
rNeg    . . .      Spirit   +   b - +1 animal skin
rPois   .          Reflect  .   (helmet restricted)
rElec   .          Harm     .   i - scarf {repulsion}
rCorr   .          Rampage  .   (gloves unavailable)
Will    .....                   (boots unavailable)
Stlth   +.........              h - amulet of guardian spirit
HPRegen 0.21/turn               d - ring of protection from cold
MPRegen 0.10/turn               f - ring of flight

@: on berserk cooldown, flying, slowed, repel missiles, very slow
A: large, unfitting armour, tough skin 1, claws 1
a: Renounce Religion, Berserk


You were on level 4 of the Dungeon.
You worshipped Trog.
Trog was aware of your devotion.
You visited 1 branch of the dungeon, and saw 4 of its levels.

You collected 155 gold pieces.

Inventory:

Hand Weapons
 k - a +0 flail (weapon)
Armour
 b - a +1 animal skin (worn)
 i - a scarf of repulsion (worn)
Jewellery
 d - a ring of protection from cold (left claw)
 f - a ring of flight (right claw)
 h - an amulet of guardian spirit (around neck)
Wands
 c - a wand of flame (10)
Scrolls
 a - a scroll of identify
 g - 2 scrolls of immolation
Potions
 e - a potion of mutation
 j - 2 potions of might


   Skills:
 + Level 5.0 Fighting
 * Level 5.6 Maces & Flails
 - Level 2.6 Dodging


You had 5 spell levels left.
You didn't know any spells.
Your spell library was empty.

Dungeon Overview and Level Annotations

Branches:
Dungeon (4/15)
 Temple: D:4-7

Altars:

Portals:
Abyss: D:3

Annotations:
D:3 2 transporters, kevlar127's ghost, amateur TrBe


Innate Abilities, Weirdness & Mutations

You are too large for most types of armour.
You have tough skin. (AC +1)
You have sharp fingernails.


Message History

Your Maces & Flails skill increases to level 5!
Unknown command.
The wight hits you with a +0 war axe.
* * * LOW HITPOINT WARNING * * *
Things that are here:
a +2 battleaxe of freezing; a +0 robe Unknown command.
You bludgeon the wight!!
You destroy the wight!
Trog accepts your kill.
Your life force feels restored.
Your Fighting skill increases to level 5!
You have reached level 6!
You feel stronger.
You closely miss the wight. The wight barely misses you.
A wight comes into view. It is wielding a +4 scimitar.
Unknown command.
You barely miss the wight.
Unknown command.
You barely miss the wight.
The wight hits you with a +3 long sword!
* * * LOW HITPOINT WARNING * * *
Unknown command.
You sock the wight!
The wight is almost destroyed.
Unknown command.
You hit the wight but do no damage.
Unknown command.
You barely miss the wight.
You are no longer berserk.
You are exhausted.
You feel yourself slow down.
Unknown command.
It was a potion of mutation.
You feel extremely strange.
Your fingernails lengthen.
The wight barely misses you. The wight misses you.
You hit the wight.
The wight is lightly damaged.
The wight hits you with a +4 scimitar!
You die...

...$ ... #.. ..
#.# # #
#.####.####.
#.##...@zz.....
#.#...###.#####
#.........#
###...#####
...####..#
#.......#
######.## #.#
#.#


You could see 2 wights.

Vanquished Creatures
  2 wights (D:4)
  A hound (D:3)
  5 adders
  2 worms
  A dart slug (D:2)
  4 orcs (D:3)
  7 ball pythons
  5 endoplasms
  2 giant cockroaches
  A goblin (D:2)
  3 hobgoblins (D:1)
  3 quokkas
  4 bats
  2 frilled lizards
  4 kobolds
  3 rats
  A spectral hobgoblin (D:1)
50 creatures vanquished.

Notes
Turn   | Place    | Note
-------+----------+-------------------------------------------
     0 | D:1      | HendSelp the Ogre Berserker began the quest for the Orb.
     0 | D:1      | Reached XP level 1. HP: 24/24 MP: 1/1
   257 | D:1      | Found a faded altar of an unknown god.
   352 | D:1      | Reached XP level 2. HP: 29/32 MP: 2/2
  1137 | D:2      | Reached XP level 3. HP: 34/40 MP: 3/3
  1581 | D:2      | Reached XP level 4. HP: 49/49 MP: 4/4
  2263 | D:3      | Found a transporter.
  2453 | D:3      | Reached XP level 5. HP: 55/55 MP: 5/5
  3119 | D:3      | Noticed a kobold brigand
  3124 | D:3      | Found a transporter.
  3244 | D:3      | Noticed kevlar127's ghost (amateur TrBe)
  3247 | D:3      | Found a one-way gate to the infinite horrors of the Abyss.
  3680 | D:4      | Reached skill level 5 in Maces & Flails
  3682 | D:4      | Reached skill level 5 in Fighting
  3682 | D:4      | Reached XP level 6. HP: 8/66 MP: 2/6
  3684 | D:4      | HP: 3/99 [wight/+3 long sword (6)]
  3688 | D:4      | Gained mutation: You have sharp fingernails. [potion of
                  | mutation]
  3689 | D:4      | Mangled by a wight

Illustrated notes

Levels and vault maps discovered:
D:1:      zaba_arrival_water, layout_basic,
          dreamdust_ecumenical_altar_drowned_temple, minivault_4,
          dreamdust_wishing_well, patterned_corridor
D:2:      layout_loops_cross
D:3:      layout_basic, gammafunk_ghost_abyssal_escape, minmay_misc_feat_iff
D:4:      layout_loops_corners

Skill      XL: |  1  2  3  4  5 |
---------------+----------------+-----
Maces & Flails | 3 4 5 |  5.6
Fighting       | 5 |  5.0
Dodging        | |  2.6

Action                   |  1- 3 |  4- 6 || total
-------------------------+-------+-------++-------
Melee: Mace              |    86 |    59 ||   145
       Flail             |       |    36 ||    36
Invok: Berserk           |     1 |     2 ||     3
Evoke: Wand              |     1 |       ||     1
  Use: Scroll            |     1 |     4 ||     5
       Potion            |       |     1 ||     1
 Stab: Sleeping          |     1 |       ||     1
Armor: Animal skin       |    44 |    14 ||    58
Dodge: Dodged            |    50 |    40 ||    90

Table legend: (Time is in decaauts)
 A = Elapsed time spent in this place.
 B = Non-inter-level travel time spent in this place.
 C = Inter-level travel time spent in this place.
 D = Time resting spent in this place.
 E = Time spent auto-exploring this place.
 F = Levels seen in this place.
 G = Mean time per level.
                   A        B        C        D        E       F      G
               +--------+--------+--------+--------+--------+-----+--------+
         Total |   3741 |   3596 |    145 |    587 |   2494 |   4 |  935.2 |
       Dungeon |   3741 |   3596 |    145 |    587 |   2494 |   4 |  935.2 |
               +--------+--------+--------+--------+--------+-----+--------+

Top non-repeatable levels by time:
     D:3: 1289 daAuts
     D:1: 1142 daAuts
     D:2: 1128 daAuts
     D:4: 181 daAuts
